[Event "Titled Tuesday Blitz March 28 Early 2023"]
[White "BeReal24"]
[Black "Tifferet, Shaked"]
[BlackFideId "2811529"]
[WhiteElo "2324"]
[BlackElo "2142"]
[Result "0-1"]
[Round "04"]
[TimeControl "180+2"]
[Date "2023.03.28"]
[WhiteClock "0:00:13"]
[BlackClock "0:00:06"]

1. e4 c6 2. d4 d5 3. Nc3 a6 4. h3 g6 5. Nf3 Bg7 6. Bd3 dxe4 7. Nxe4 Nf6 8. Nxf6+ exf6 9. O-O O-O 10. Re1 Nd7 11. a4 c5 12. c3 cxd4 13. Nxd4 Nc5 14. Bc2 f5 15. Bf4 Qb6 16. b4 Ne6 17. Nxe6 Bxe6 18. Be5 Bxe5 19. Rxe5 Rfd8 20. Qf3 Rac8 21. Rae1 Rd2 22. Bb1 Rxc3 23. R5e3 Rxe3 24. Rxe3 Qxb4 25. Bd3 f4 26. Re4 Qc3 27. Bf1 Qxf3 28. gxf3 Rd1 29. Kg2 Bxh3+ 30. Kxh3 Rxf1 31. Rb4 Ra1 32. Kg4 Ra2 33. Kxf4 Rxf2 34. Rxb7 Ra2 35. Rb4 a5 36. Rd4 Kg7 37. Kg3 h5 38. f4 Ra3+ 39. Kh4 Kh6 40. Rc4 f6 41. Rc6 Kg7 42. Rc7+ Kf8 43. f5 Rxa4+ 44. Kg3 gxf5 45. Kf3 Rg4 46. Ra7 a4 47. Ra5 Rg5 48. Kf4 Kg7 49. Ra7+ Kg6 50. Ra8 Rg4+ 51. Kf3 Kf7 52. Ra7+ Ke6 53. Ra5 Kd6 54. Rxf5 Rc4 55. Rxf6+ Kc5 56. Ra6 Kb4 57. Ke3 Rc5 58. Kd3 a3 59. Rb6+ Rb5 60. Rh6 a2 61. Ra6 Ra5 62. Rb6+ Kc5 63. Rb1 axb1=Q+ 64. Ke3 Qb4 65. Kf2 Ra3 66. Kg2 Qb2+ 67. Kh1 Ra1# 0-1


[Site "https://www.chess.com"]

[Event "Titled Tuesday Blitz March 28 Early 2023"]
[White "Lukas2010"]
[Black "Gronnestad, Anita"]
[BlackFideId "1502972"]
[WhiteElo "2485"]
[BlackElo "1939"]
[Result "1-0"]
[Round "04"]
[TimeControl "180+2"]
[Date "2023.03.28"]
[WhiteClock "0:00:21"]
[BlackClock "0:00:22"]

1. e4 c6 2. d4 d5 3. Nc3 dxe4 4. Nxe4 Nf6 5. Nxf6+ exf6 6. c3 Bd6 7. Bd3 O-O 8. Qc2 Re8+ 9. Ne2 h5 10. O-O Be6 11. Nf4 Bxf4 12. Bxf4 Nd7 13. Rfe1 Nf8 14. Rad1 Qb6 15. c4 a5 16. Bd6 Bg4 17. Rc1 Qxd4 18. c5 Ne6 19. h3 Ng5 20. hxg4 Qxg4 21. Bg3 h4 22. Bf5 Qd4 23. Red1 Qxd1+ 24. Rxd1 hxg3 25. fxg3 Re5 26. g4 Rae8 27. Rd7 Re1+ 28. Kh2 Nf3+ 29. gxf3 R1e2+ 30. Qxe2 Rxe2+ 31. Kg3 g6 32. Bd3 Rxb2 33. Bc4 a4 34. Bxf7+ Kf8 35. Bxg6 Rxa2 36. Rxb7 Rc2 37. Ra7 Rxc5 38. Rxa4 Kg7 39. Bf5 Kf7 40. Ra7+ Ke8 41. Kh4 Rc3 42. Kh5 Rxf3 43. Kg6 c5 44. Kxf6 Kd8 45. Rd7+ Ke8 46. Rc7 1-0


[Site "https://www.chess.com"]

[Event "Titled Tuesday Blitz March 28 Early 2023"]
[White "Pein, Jonathan"]
[Black "Onslow, Alfie"]
[WhiteFideId "417092"]
[BlackFideId "436976"]
[WhiteElo "2151"]
[BlackElo "2114"]
[Result "1-0"]
[Round "04"]
[TimeControl "180+2"]
[Date "2023.03.28"]
[WhiteClock "0:00:11"]
[BlackClock "0:00:06"]

1. e4 c5 2. Nf3 Nc6 3. b4 cxb4 4. d4 d5 5. exd5 Qxd5 6. c4 bxc3 7. Nxc3 Qa5 8. Rb1 Qxc3+ 9. Bd2 Qa3 10. d5 Bg4 11. dxc6 bxc6 12. Qc2 Bxf3 13. Bb4 Qxb4+ 14. Rxb4 Bd5 15. Ba6 e6 16. Rd4 c5 17. Bb5+ Kd8 18. Rxd5+ exd5 19. Qf5 Nf6 20. O-O Kc7 21. Rc1 Bd6 22. g4 h6 23. Be2 Rhe8 24. Bf3 Re5 25. Qc2 Rae8 26. Qa4 Re1+ 27. Rxe1 Rxe1+ 28. Kg2 Kb6 29. Qb3+ Kc7 30. Bxd5 Nxd5 31. Qxd5 Re6 32. h3 Rf6 33. a4 Kb6 34. Qb3+ Kc7 35. a5 Be5 36. a6 Bd4 37. Qb7+ Kd6 38. f3 Re6 39. Qxa7 Re2+ 40. Kf1 Rf2+ 41. Ke1 Rxf3 42. Qb6+ Ke5 43. Qc7+ Ke4 44. Qc6+ Ke3 45. a7 Bc3+ 46. Kd1 Rf2 47. Qxc5+ Bd4 48. Qxd4+ Kxd4 49. a8=Q Rf1+ 50. Ke2 Rc1 51. Qa4+ Rc4 52. Qd7+ Kc3 53. Qxf7 Re4+ 54. Kf3 Rd4 55. Qxg7 Kc4 56. Qxh6 Rd3+ 57. Qe3 Rd4 58. Qxd4+ Kxd4 59. Kf4 Kc4 60. Kf5 Kd5 61. g5 Kd6 62. Kf6 Kd7 63. Kf7 1-0


[Site "https://www.chess.com"]

[Event "Titled Tuesday Blitz March 28 Early 2023"]
[White "Mika, Tomasz"]
[Black "Bethke, Richard"]
[WhiteFideId "1132970"]
[BlackFideId "12959243"]
[WhiteElo "2179"]
[BlackElo "2369"]
[Result "0-1"]
[Round "04"]
[TimeControl "180+2"]
[Date "2023.03.28"]
[WhiteClock "0:00:23"]
[BlackClock "0:01:07"]

1. Nf3 d5 2. c4 dxc4 3. Na3 Qd5 4. Qa4+ Nc6 5. Qxc4 Be6 6. Qxd5 Bxd5 7. e3 O-O-O 8. Be2 e5 9. d3 f6 10. O-O Bxa3 11. bxa3 Nge7 12. Bb2 Bxf3 13. gxf3 Nd5 14. Rfc1 Rd6 15. Kf1 Rhd8 16. Ke1 f5 17. Kd2 e4 18. fxe4 fxe4 19. d4 Rf6 20. Rf1 Rdf8 21. Ke1 Rh6 22. h3 Kd8 23. Rh1 Nce7 24. Rc1 Rb6 25. Rc2 Nf5 26. Rg1 g6 27. Bc4 Ndxe3 28. fxe3 Nxe3 29. Rc3 Rxb2 0-1


[Site "https://www.chess.com"]

[Event "Titled Tuesday Blitz March 28 Early 2023"]
[White "Estremera Panos, Sergio"]
[Black "Grunberg, Mihai-Lucian"]
[WhiteFideId "2200864"]
[BlackFideId "1204149"]
[WhiteElo "2253"]
[BlackElo "2363"]
[Result "1-0"]
[Round "04"]
[TimeControl "180+2"]
[Date "2023.03.28"]
[WhiteClock "0:00:17"]
[BlackClock "0:00:20"]

1. d4 Nf6 2. c4 g6 3. Nc3 d5 4. cxd5 Nxd5 5. e4 Nxc3 6. bxc3 Bg7 7. Nf3 c5 8. Bb5+ Bd7 9. Bxd7+ Qxd7 10. O-O Nc6 11. Be3 O-O 12. d5 Na5 13. Bxc5 Bxc3 14. Rc1 Bg7 15. Bd4 Rfc8 16. Bxg7 Kxg7 17. Qd4+ f6 18. e5 b6 19. d6 Nc6 20. Qd5 exd6 21. exf6+ Kxf6 22. Rfe1 Kg7 23. Ng5 Ne5 24. f4 Nf7 25. Qd4+ Kg8 26. Ne4 Kf8 27. Nf6 Qf5 28. Nxh7+ Kg8 29. Nf6+ Kf8 30. g4 Rxc1 31. gxf5 Rxe1+ 32. Kf2 Re7 33. fxg6 Nh6 34. Qxd6 Rc8 35. Nd5 Nf5 36. Qf6+ Ke8 37. Nxe7 Nxe7 38. g7 1-0


[Site "https://www.chess.com"]

[Event "Titled Tuesday Blitz March 28 Early 2023"]
[White "Wilson, Elvin"]
[Black "Kubatko, Ivan"]
[WhiteFideId "2014874"]
[BlackFideId "24111473"]
[WhiteElo "2289"]
[BlackElo "2285"]
[Result "0-1"]
[Round "04"]
[TimeControl "180+2"]
[Date "2023.03.28"]
[WhiteClock "0:00:11"]
[BlackClock "0:00:08"]

1. c4 e6 2. g3 d5 3. Bg2 c5 4. Nf3 Nc6 5. O-O Nf6 6. b3 Be7 7. e3 O-O 8. Bb2 Re8 9. cxd5 exd5 10. d4 Bf5 11. Nc3 Be4 12. dxc5 Bxc5 13. Rc1 Bf8 14. Nxe4 dxe4 15. Nd4 Nb4 16. Ba1 Nxa2 17. Rc4 Nb4 18. Qd2 Nfd5 19. Rd1 a6 20. Nf5 g6 21. Qd4 Qf6 22. Qxf6 Nxf6 23. Bxf6 gxf5 24. Bh3 b5 25. Rcd4 Bg7 26. Bxg7 Kxg7 27. Bxf5 a5 28. Bxe4 Rab8 29. Bf3 Re5 30. Kg2 Na6 31. Rd5 Rbe8 32. Rxe5 Rxe5 33. Ra1 b4 34. Rc1 Nc5 35. Bd1 Nd3 36. Rc2 Kf6 37. Rd2 Nc5 38. Kf1 Re6 39. Ke2 Rc6 40. Rc2 Ke6 41. Rc4 Kd6 42. Kd2 Rb6 43. Kc2 Nd7 44. Rd4+ Ke7 45. Bg4 Nc5 46. Bf3 Ne6 47. Rc4 Rd6 48. Be4 h6 49. f4 Kd7 50. Kc1 Ke7 51. g4 f6 52. Kc2 Ng7 53. Rc6 Rxc6+ 54. Bxc6 Kd6 55. Be4 Ne6 56. Kd3 Nc5+ 57. Kd4 Nxb3+ 58. Kc4 Nd2+ 59. Kd3 Nxe4 60. Kxe4 a4 61. Kd3 Kd5 62. e4+ Kc5 63. h4 a3 64. Kc2 Kc4 65. e5 fxe5 66. f5 b3+ 67. Kb1 e4 68. f6 e3 69. f7 e2 70. Kc1 e1=Q# 0-1


[Site "https://www.chess.com"]

[Event "Titled Tuesday Blitz March 28 Early 2023"]
[White "Forgacs, Attila Jr."]
[Black "Levitan, Caleb Levi"]
[WhiteFideId "773654"]
[BlackFideId "14332620"]
[WhiteElo "2168"]
[BlackElo "1963"]
[Result "0-1"]
[Round "04"]
[TimeControl "180+2"]
[Date "2023.03.28"]
[WhiteClock "0:00:01"]
[BlackClock "0:00:12"]

1. a3 d5 2. b4 Bf5 3. Bb2 e6 4. Nf3 Nf6 5. g3 Be7 6. d3 O-O 7. Bg2 a5 8. b5 a4 9. O-O h6 10. Nbd2 Nbd7 11. Qe1 Bh7 12. e4 Nc5 13. Ne5 Nfd7 14. Nxd7 Qxd7 15. f4 Qxb5 16. Rb1 Qd7 17. f5 exf5 18. exf5 Rfe8 19. Qf2 Bg5 20. Rbe1 Rxe1 21. Rxe1 Bxf5 22. Qxc5 Bxd2 23. Qd4 f6 24. Bxd5+ Kh8 25. Re2 Ba5 26. Qc4 Bb6+ 27. Kh1 c6 28. Bf3 Re8 29. Rxe8+ Qxe8 30. Qb4 Qe3 31. d4 Qxf3+ 32. Kg1 Qd1+ 33. Kg2 Qxc2+ 0-1


[Site "https://www.chess.com"]

[Event "Titled Tuesday Blitz March 28 Early 2023"]
[White "Manukian, Artak"]
[Black "Bogaudinov, Rushan"]
[WhiteFideId "13301373"]
[BlackFideId "4129288"]
[WhiteElo "2130"]
[BlackElo "1949"]
[Result "1-0"]
[Round "04"]
[TimeControl "180+2"]
[Date "2023.03.28"]
[WhiteClock "0:00:18"]
[BlackClock "0:00:12"]

1. e4 a6 2. d4 e6 3. c4 d6 4. Nc3 Nf6 5. Bd3 Be7 6. Nf3 c6 7. a4 a5 8. O-O Na6 9. Qe2 Nb4 10. Bb1 b6 11. e5 Nd7 12. Bf4 d5 13. b3 Ba6 14. g3 Nf8 15. h4 c5 16. Nb5 Ng6 17. Bg5 Bxb5 18. axb5 dxc4 19. bxc4 cxd4 20. Rd1 Qc7 21. Rxd4 Bxg5 22. Bxg6 hxg6 23. Nxg5 Rd8 24. Rad1 O-O 25. h5 Qe7 26. Qg4 Rxd4 27. Rxd4 Rd8 28. Rxd8+ Qxd8 29. hxg6 f5 30. Qh5 Qd4 31. Qh7+ Kf8 32. Qh8+ Ke7 33. Qxg7+ Ke8 34. Qg8+ Kd7 35. Qxe6+ Kc7 36. Qd6+ Qxd6 37. exd6+ Kxd6 38. g7 a4 39. g8=Q a3 40. Qf8+ Ke5 41. Qxb4 a2 42. Qb2+ Kd6 43. Qxa2 1-0


[Site "https://www.chess.com"]

[Event "Titled Tuesday Blitz March 28 Early 2023"]
[White "Khamdamova, Afruza"]
[Black "Fajdetic, Hrvoje"]
[WhiteFideId "14210444"]
[BlackFideId "14501945"]
[WhiteElo "2210"]
[BlackElo "2185"]
[Result "1-0"]
[Round "04"]
[TimeControl "180+2"]
[Date "2023.03.28"]
[WhiteClock "0:00:20"]
[BlackClock "0:00:16"]

1. e4 c5 2. Nf3 Nc6 3. d4 cxd4 4. Nxd4 g6 5. Nc3 Bg7 6. Be3 d6 7. Bc4 Bd7 8. Bb3 Nf6 9. f3 O-O 10. Qd2 Rc8 11. O-O-O Na5 12. Bh6 Nc4 13. Bxc4 Rxc4 14. Bxg7 Kxg7 15. h4 h5 16. Nd5 Nxd5 17. exd5 Qb6 18. g4 hxg4 19. h5 Rh8 20. b3 Rxd4 21. h6+ Kh7 22. Qxd4 Qxd4 23. Rxd4 gxf3 24. Rf4 f5 25. Rxf3 g5 26. Re3 e5 27. dxe6 Bc6 28. Rh5 Kg6 29. Rh2 f4 30. Re1 g4 31. e7 g3 32. Rd2 f3 33. Rxd6+ Kf7 34. Kd2 f2 35. Rf1 Bg2 36. Ke2 Bxf1+ 37. Kxf1 Kxe7 38. Rg6 Rxh6 39. Rxh6 1-0


[Site "https://www.chess.com"]

[Event "Titled Tuesday Blitz March 28 Early 2023"]
[White "Nguyen Hong Nhung"]
[Black "Schut, Han"]
[WhiteFideId "12412201"]
[BlackFideId "1005561"]
[WhiteElo "1904"]
[BlackElo "2024"]
[Result "1-0"]
[Round "04"]
[TimeControl "180+2"]
[Date "2023.03.28"]
[WhiteClock "0:00:02"]
[BlackClock "0:00:01"]

1. e4 c5 2. Nc3 Nc6 3. f4 g6 4. Nf3 Bg7 5. Bc4 e6 6. O-O Nge7 7. d3 d5 8. Bb3 c4 9. dxc4 dxe4 10. Nxe4 O-O 11. c3 b6 12. Nd6 Ba6 13. Be3 Na5 14. Nb5 Nf5 15. Bf2 Qc8 16. Qe2 Rd8 17. Rfd1 Qc6 18. Ne5 Qb7 19. Bc2 Rxd1+ 20. Rxd1 Qc8 21. Be4 Nxc4 22. Bxa8 Bxb5 23. Qf3 Nxb2 24. Rb1 Na4 25. Rxb5 Nxc3 26. Rb3 Bxe5 27. fxe5 Na4 28. g3 Nc5 29. Bxc5 Qxc5+ 30. Qf2 Qxe5 31. Bf3 Nd4 32. Re3 Qc5 33. Kg2 f5 34. Rd3 e5 35. Bd1 Qc6+ 36. Kg1 Qc5 37. Bb3+ Nxb3 38. Rxb3 1-0


[Site "https://www.chess.com"]

[Event "Titled Tuesday Blitz March 28 Early 2023"]
[White "Abdilkhair, Abilmansur"]
[Black "Floresvillar Gonzalez, Luis Migu"]
[WhiteFideId "13716417"]
[BlackFideId "5100542"]
[WhiteElo "2216"]
[BlackElo "2040"]
[Result "1-0"]
[Round "04"]
[TimeControl "180+2"]
[Date "2023.03.28"]
[WhiteClock "0:01:42"]
[BlackClock "0:00:54"]

1. d4 d6 2. Nf3 Bg4 3. Nbd2 Nf6 4. h3 Bc8 5. e4 g6 6. Bd3 Bg7 7. O-O O-O 8. Qe2 b6 9. e5 Nd5 10. Ne4 Nb4 11. Bb5 c6 12. Ba4 b5 13. Bb3 d5 14. Ng3 a5 15. c3 a4 16. cxb4 axb3 17. a3 Na6 18. Bg5 h6 19. Be3 Be6 20. Nd2 Qd7 21. Nxb3 Rfc8 22. Rac1 Bxh3 23. gxh3 Qxh3 24. Qf3 h5 25. Qg2 Qg4 26. f3 Qe6 27. f4 f5 28. Bf2 Kf7 29. Nd2 Rh8 30. Nf3 h4 31. Ng5+ 1-0


[Site "https://www.chess.com"]

[Event "Titled Tuesday Blitz March 28 Early 2023"]
[White "mjelcic"]
[Black "Shapiro, Viktor"]
[BlackFideId "4175700"]
[WhiteElo "2223"]
[BlackElo "2152"]
[Result "1/2-1/2"]
[Round "04"]
[TimeControl "180+2"]
[Date "2023.03.28"]
[WhiteClock "0:00:11"]
[BlackClock "0:00:10"]

1. e4 c5 2. c3 Nf6 3. e5 Nd5 4. Nf3 Nc6 5. Bc4 Nb6 6. Bb3 c4 7. Bc2 d5 8. exd6 exd6 9. O-O Be7 10. b3 d5 11. d3 O-O 12. Ba3 Bg4 13. Re1 Re8 14. bxc4 dxc4 15. d4 Bf6 16. Rxe8+ Qxe8 17. Nbd2 Qd7 18. Qf1 Be6 19. Ne4 Be7 20. Bxe7 Qxe7 21. Nc5 Bd5 22. Re1 Qc7 23. Ng5 h6 24. Nge4 Rd8 25. Nd2 Na5 26. Qe2 g6 27. Qg4 Kg7 28. h4 h5 29. Qg5 Nc8 30. Nde4 Bxe4 31. Nxe4 Qe7 32. Qxe7 Nxe7 33. Re3 Nd5 34. Rf3 Nc6 35. Ng5 Rd7 36. Be4 Nf6 37. Bxc6 bxc6 38. Re3 c5 39. Nf3 Nd5 40. Re5 Nxc3 41. Rxc5 Ne2+ 42. Kf1 Nxd4 43. Rxc4 Nxf3 44. gxf3 Rd2 45. Ra4 Rd7 46. Kg2 Kf6 47. Ra5 Ke6 48. Kg3 Rb7 49. Kf4 Kf6 50. Ra6+ Kg7 51. Kg3 f6 52. Kf4 Rb4+ 53. Kg3 g5 54. Rxa7+ Kg6 55. hxg5 h4+ 56. Kh3 fxg5 57. Ra6+ Kf5 58. Kg2 Rb2 59. a4 h3+ 60. Kxh3 Rxf2 61. Kg3 Ra2 62. Ra8 Ra3 63. a5 Kg6 64. a6 Kg7 65. a7 Ra4 66. Kh3 Kh7 67. Kg3 Kg7 68. Kf2 Kh7 69. Ke3 Kg7 70. Kd3 Kh7 71. Kc3 Ra1 72. Kb4 Kg7 73. Kc5 Kh7 74. Kd6 Rd1+ 75. Ke5 Ra1 76. Kf6 Ra5 77. Ke6 Kg7 78. Ke7 Ra3 79. Ke6 Re3+ 80. Kf5 Rxf3+ 81. Kxg5 Ra3 82. Kf5 Ra1 83. Ke5 Ra2 84. Kd4 Ra1 85. Kc3 Ra2 86. Kb3 Ra1 87. Rc8 Rxa7 1/2-1/2


[Site "https://www.chess.com"]

[Event "Titled Tuesday Blitz March 28 Early 2023"]
[White "Quirke, Jeffrey"]
[Black "Wahedi, Ahmad Siar"]
[WhiteFideId "2013029"]
[BlackFideId "4651260"]
[WhiteElo "2221"]
[BlackElo "2464"]
[Result "1-0"]
[Round "04"]
[TimeControl "180+2"]
[Date "2023.03.28"]
[WhiteClock "0:00:24"]
[BlackClock "0:01:40"]

1. e4 c5 2. Nc3 d6 3. f4 g6 4. Nf3 Bg7 5. Bb5+ Bd7 6. a4 a6 7. Bxd7+ Nxd7 8. d3 e6 9. O-O Ne7 10. Qe1 Nc6 11. f5 Nd4 12. Nxd4 cxd4 13. Ne2 e5 14. c3 dxc3 15. Nxc3 a5 16. Nd5 Nb6 17. f6 Bf8 18. Nc3 h5 19. Be3 Bh6 20. Kh1 Bxe3 21. Qxe3 Qc7 22. Nb5 Qd8 23. Rac1 Rc8 24. Qxb6 Qxb6 25. Rxc8+ Kd7 26. Rxh8 Qe3 27. Rf8 Qxd3 28. Rxf7+ Kc6 29. Rc1+ Kb6 30. Rfc7 Qxe4 31. f7 Qf4 32. Nxd6 e4 33. Rxb7+ Ka6 34. Rc6# 1-0


[Site "https://www.chess.com"]

[Event "Titled Tuesday Blitz March 28 Early 2023"]
[White "Ciuffoletti, Paolo"]
[Black "Kukula, Pawel"]
[WhiteFideId "807630"]
[BlackFideId "1115081"]
[WhiteElo "2143"]
[BlackElo "2012"]
[Result "0-1"]
[Round "04"]
[TimeControl "180+2"]
[Date "2023.03.28"]
[WhiteClock "0:00:04"]
[BlackClock "0:00:04"]

1. e4 c5 2. d4 cxd4 3. c3 d3 4. Bxd3 Nc6 5. c4 g6 6. Nc3 Bg7 7. Nf3 d6 8. h3 Nf6 9. O-O O-O 10. Be3 Be6 11. Nd5 Rc8 12. Rc1 Nd7 13. Qd2 Nc5 14. Bb1 a5 15. Bh6 Bxd5 16. exd5 Ne5 17. Nd4 Bxh6 18. Qxh6 Qb6 19. Qd2 Ncd3 20. Bxd3 Qxd4 21. Rfd1 Rc7 22. Bf1 Qxd2 23. Rxd2 Rfc8 24. b3 b5 25. Re1 bxc4 26. bxc4 g5 27. Rd4 Rb8 28. h4 h6 29. hxg5 hxg5 30. f4 gxf4 31. Rxf4 Rb4 32. Re3 Kf8 33. Rg3 Rb1 34. Rh4 Ng6 35. Re4 Ra1 36. Rf3 Rb7 37. Rg4 Ne5 38. Rh4 Nxf3+ 39. gxf3 Rbb1 0-1


[Site "https://www.chess.com"]

[Event "Titled Tuesday Blitz March 28 Early 2023"]
[White "Deng, Henry"]
[Black "Rose, Felix"]
[WhiteFideId "30965454"]
[BlackFideId "5105722"]
[WhiteElo "2459"]
[BlackElo "2039"]
[Result "1-0"]
[Round "04"]
[TimeControl "180+2"]
[Date "2023.03.28"]
[WhiteClock "0:00:14"]
[BlackClock "0:00:14"]

1. e4 c5 2. Nc3 g6 3. d4 cxd4 4. Qxd4 Nf6 5. Nf3 Nc6 6. Qa4 d6 7. e5 dxe5 8. Nxe5 Bd7 9. Nxd7 Nxd7 10. g3 Bg7 11. Bg2 O-O 12. O-O Nc5 13. Qb5 Qb6 14. Qxb6 axb6 15. Nd5 Nd4 16. Bd2 Nxc2 17. Rac1 Nd4 18. Nxb6 Ne2+ 19. Kh1 Nxc1 20. Nxa8 Nxa2 21. b4 Nb3 22. Bxb7 Nxd2 23. Rd1 Ne4 24. Bxe4 Nxb4 25. Bg2 e5 26. Nb6 f5 27. Nd5 Nc2 28. Nc7 Nd4 29. Bd5+ Kh8 30. Ne6 Nxe6 31. Bxe6 e4 32. Kg2 Rb8 33. Rd2 Bc3 34. Rc2 Bd4 35. h4 Kg7 36. Bd5 Kf6 37. Bc4 Ke5 38. Ra2 Bc5 39. Rd2 Bd4 40. Ra2 Rc8 41. Ra5+ Bc5 42. Ba6 Rc7 43. Ra4 e3 44. fxe3 Bxe3 45. Ra2 Rc3 46. Be2 f4 47. gxf4+ Kxf4 48. Bf3 Bd4 49. Ra4 Rxf3 50. Rxd4+ Ke3 51. Rd7 h5 52. Re7+ 1-0


[Site "https://www.chess.com"]

[Event "Titled Tuesday Blitz March 28 Early 2023"]
[White "Salman, Pavel"]
[Black "ritanovikova"]
[WhiteFideId "24153753"]
[WhiteElo "2187"]
[BlackElo "2212"]
[Result "1-0"]
[Round "04"]
[TimeControl "180+2"]
[Date "2023.03.28"]
[WhiteClock "0:00:28"]
[BlackClock "0:00:14"]

1. d4 g6 2. Nc3 Bg7 3. e4 d6 4. h4 h5 5. Bg5 c6 6. Bc4 Qa5 7. Qf3 e6 8. Ne2 b5 9. Bb3 Bb7 10. d5 e5 11. O-O c5 12. a4 b4 13. Nb5 Bf8 14. Bf6 Rh7 15. Qg3 Nxf6 16. Qg5 Nbd7 17. c3 a6 18. cxb4 cxb4 19. f4 axb5 20. fxe5 Qb6+ 21. Kh1 Nxe4 22. Qf4 Nec5 23. e6 Ne5 24. Bc2 O-O-O 25. a5 Qa7 26. Qxb4 Ncd3 27. Qxb5 Nf2+ 28. Rxf2 Qxf2 29. a6 Qxh4+ 30. Kg1 Qc4 31. Qxb7# 1-0


[Site "https://www.chess.com"]

[Event "Titled Tuesday Blitz March 28 Early 2023"]
[White "salgadoLO"]
[Black "Baches Garcia, Guillermo"]
[BlackFideId "2209764"]
[WhiteElo "2212"]
[BlackElo "2455"]
[Result "0-1"]
[Round "04"]
[TimeControl "180+2"]
[Date "2023.03.28"]
[WhiteClock "0:00:04"]
[BlackClock "0:00:18"]

1. d4 Nf6 2. Bg5 e6 3. Nd2 c5 4. e4 cxd4 5. e5 Qa5 6. Nf3 Ne4 7. Bf4 g5 8. Bxg5 Nxg5 9. Nxg5 Qxe5+ 10. Nge4 d5 11. f4 Qxf4 12. Ng3 Nc6 13. Bb5 a6 14. Bxc6+ bxc6 15. Qh5 Qe3+ 16. Ne2 Bh6 17. O-O-O Qg5 18. Qf3 Qe3 19. Qh5 Rg8 20. Rhf1 Ra7 21. g3 a5 22. Nf4 Bxf4 23. Rxf4 Rg7 24. Rdf1 Ba6 25. Rh1 d3 26. c3 a4 27. a3 Rb7 28. Rb4 Rxb4 29. axb4 Bc4 30. Qh4 Qg5 31. Qh3 Qf5 32. Qg2 Rg4 33. Rf1 Qe5 34. Qf2 Rg7 35. Qb6 a3 36. Qb8+ Qxb8 0-1


[Site "https://www.chess.com"]

[Event "Titled Tuesday Blitz March 28 Early 2023"]
[White "Torres Dominguez, David"]
[Black "QuiesPrecatio"]
[WhiteFideId "2220857"]
[WhiteElo "1999"]
[BlackElo "2453"]
[Result "0-1"]
[Round "04"]
[TimeControl "180+2"]
[Date "2023.03.28"]
[WhiteClock "0:00:17"]
[BlackClock "0:00:57"]

1. e4 c5 2. Nc3 Nc6 3. Bb5 Nd4 4. Bc4 e6 5. Nge2 Nxe2 6. Qxe2 Nf6 7. e5 Ng8 8. O-O a6 9. a4 d5 10. exd6 Nf6 11. d3 Bxd6 12. Bg5 Be7 13. Rad1 O-O 14. Rfe1 Re8 15. Bb3 h6 16. Bh4 Bd7 17. d4 cxd4 18. Rxd4 Qc7 19. Bg3 Qc8 20. Bd6 Bxd6 21. Rxd6 Bc6 22. Rd3 Qc7 23. Rg3 Rad8 24. Qe3 Kh8 25. h3 Qd6 26. Rd1 Qb4 27. Rxd8 Rxd8 28. Qe5 Qd4 29. Qxd4 Rxd4 30. Re3 Kh7 31. Kf1 g5 32. f3 Kg6 33. Kf2 Nd7 34. Ke2 Nc5 35. Rd3 Rxd3 36. cxd3 Nxb3 0-1


[Site "https://www.chess.com"]

[Event "Titled Tuesday Blitz March 28 Early 2023"]
[White "Manukyan, Artyom"]
[Black "Kuchava, Ana"]
[WhiteFideId "13305786"]
[BlackFideId "13605348"]
[WhiteElo "2078"]
[BlackElo "2001"]
[Result "1-0"]
[Round "04"]
[TimeControl "180+2"]
[Date "2023.03.28"]
[WhiteClock "0:01:16"]
[BlackClock "0:00:11"]

1. e4 c5 2. Nc3 Nc6 3. Bb5 Nd4 4. Nf3 Nxb5 5. Nxb5 a6 6. Nc3 b5 7. d4 cxd4 8. Qxd4 Bb7 9. a4 bxa4 10. Rxa4 d6 11. Bg5 Nf6 12. O-O e5 13. Qd2 Be7 14. Bxf6 Bxf6 15. Nd5 O-O 16. c3 Rc8 17. Rd1 Rc6 18. h3 g6 19. Qe3 Bg7 20. Qa7 Qd7 21. Rb4 Bc8 22. Ne7+ Kh8 23. Qxd7 Bxd7 24. Nxc6 Bxc6 25. Rxd6 Bb5 26. c4 Be8 27. c5 Bb5 28. c6 Rc8 29. c7 Bf8 30. Rd8 Bd7 31. Rxc8 Bxc8 32. Rb8 1-0


[Site "https://www.chess.com"]

[Event "Titled Tuesday Blitz March 28 Early 2023"]
[White "Vafin, Ayrat"]
[Black "Sankalan Shah"]
[WhiteFideId "4146530"]
[BlackFideId "25600362"]
[WhiteElo "2317"]
[BlackElo "2118"]
[Result "1-0"]
[Round "04"]
[TimeControl "180+2"]
[Date "2023.03.28"]
[WhiteClock "0:00:13"]
[BlackClock "0:00:04"]

1. Nf3 Nf6 2. g3 e6 3. Bg2 d5 4. c4 Be7 5. b3 O-O 6. Bb2 b6 7. O-O Bb7 8. e3 c5 9. Qe2 Nc6 10. Nc3 a6 11. Rfd1 dxc4 12. bxc4 Qc7 13. d3 Rab8 14. Rf1 Rfd8 15. Ne1 Ba8 16. a4 Na7 17. f4 Bxg2 18. Kxg2 b5 19. axb5 axb5 20. cxb5 Nxb5 21. Nxb5 Rxb5 22. Be5 Qb7+ 23. Kg1 Nd5 24. g4 f6 25. e4 Nb4 26. Bc3 Qd7 27. Rf3 Nc6 28. Rh3 Nd4 29. Qf2 Rb3 30. Rc1 e5 31. Qa2 Qxg4+ 32. Rg3 Ne2+ 33. Kf2 Nxc1 34. Qxb3+ Nxb3 35. Rxg4 exf4 36. Rxf4 Nd4 37. Bxd4 cxd4 38. Nf3 Bc5 39. Rf5 Bb4 40. Rb5 Bc3 41. Nh4 g6 42. Rb7 Ra8 43. Nf3 Ra2+ 44. Kg3 Ra1 45. e5 fxe5 46. Nxe5 Rg1+ 47. Kf3 Rh1 48. Ng4 Rf1+ 49. Ke4 h5 50. Ne5 Rg1 51. Kd5 g5 52. Ng6 g4 53. Ke5 Rf1 54. Nf4 h4 55. Nh5 Rf2 56. Nf6+ Kf8 57. Nxg4 Rg2 58. Kf5 h3 59. Rh7 Rd2 60. Rxh3 Rd1 61. Rh8+ Kf7 62. Rh7+ Kg8 63. Rb7 Rd2 64. Kg6 Kf8 65. h4 Ke8 66. h5 Kd8 67. h6 Kc8 68. h7 Rd1 69. Rg7 Rg1 70. h8=Q# 1-0


[Site "https://www.chess.com"]

[Event "Titled Tuesday Blitz March 28 Early 2023"]
[White "Miszler, Levente"]
[Black "Barria Santos, Jose Guilherme"]
[WhiteFideId "763276"]
[BlackFideId "1939300"]
[WhiteElo "2176"]
[BlackElo "2301"]
[Result "1-0"]
[Round "04"]
[TimeControl "180+2"]
[Date "2023.03.28"]
[WhiteClock "0:01:54"]
[BlackClock "0:00:10"]

1. Nf3 d5 2. c4 e6 3. g3 Nf6 4. Bg2 c6 5. O-O Nbd7 6. b3 Be7 7. Bb2 O-O 8. d4 Re8 9. Nbd2 b6 10. Qc2 Bb7 11. Rfe1 Rc8 12. e4 dxe4 13. Nxe4 c5 14. Ne5 Nxe4 15. Bxe4 Bxe4 16. Qxe4 Nf6 17. Qf4 cxd4 18. Bxd4 Bd6 19. Rad1 Qc7 20. Qe3 Rcd8 21. Nf3 Ng4 22. Qe2 Bb4 23. Rf1 e5 24. Bb2 e4 25. Nd4 Ne5 26. Qxe4 Nxc4 27. Qc2 Nxb2 28. Qxc7 Nxd1 29. Rxd1 Bc5 30. Qc6 Re4 31. Qxe4 1-0


[Site "https://www.chess.com"]

[Event "Titled Tuesday Blitz March 28 Early 2023"]
[White "Winkels, Marcel"]
[Black "Sowul, Bartosz"]
[WhiteFideId "1003887"]
[BlackFideId "1137590"]
[WhiteElo "1900"]
[BlackElo "2188"]
[Result "0-1"]
[Round "04"]
[TimeControl "180+2"]
[Date "2023.03.28"]
[WhiteClock "0:00:01"]
[BlackClock "0:00:17"]

1. d4 Nf6 2. Bf4 c5 3. e3 Qb6 4. Nc3 Qxb2 5. Nb5 Nd5 6. Bg3 a6 7. Rb1 Qxa2 8. e4 axb5 9. exd5 Qxd5 10. Rxb5 Qxd4 11. Qxd4 cxd4 12. Nf3 Nc6 13. Rb1 e6 14. Bb5 Bc5 15. O-O O-O 16. Rfd1 Ra2 17. Bxc6 bxc6 18. Nxd4 Bxd4 19. Rxd4 d5 20. h4 c5 21. Rd3 Ba6 22. Rdb3 h6 23. Rb8 Rxb8 24. Rxb8+ Kh7 25. Ra8 Bc4 26. Rxa2 Bxa2 27. Bd6 c4 28. Kf1 Kg6 29. Ke1 Kh5 30. Bg3 c3 31. Kd1 Bc4 32. Be5 g6 33. Bxc3 Kxh4 34. Ke1 Kg4 35. Be5 h5 36. f3+ Kf5 37. Bd6 g5 38. Kf2 e5 39. g3 g4 40. fxg4+ hxg4 41. Bc7 Ke4 42. Ke1 f5 43. Kf2 Bb5 44. Bb8 d4 45. Bc7 Ba4 46. Ba5 Bxc2 47. Bd2 f4 48. Bc1 Ba4 0-1


[Site "https://www.chess.com"]